 Dungeon Crawl Stone Soup version 0.30.1-9-gdf580d7c3d (webtiles) character file.

Game seed: 6211242920381345593

22 lonewolfV2 the Chopper (level 2, -1/29 HPs)
             Began as a Gnoll Berserker on Oct 13, 2023.
             Was a Follower of Trog.
             Slain by a kobold
             ... wielding a +1 short sword of venom
              (3 damage)
             ... on level 1 of the Dungeon.
             The game lasted 00:00:51 (226 turns).

lonewolfV2 the Chopper (Gnoll Berserker)             Turns: 226, Time: 00:00:52

Health: -1/29      AC:  2    Str: 16    XL:     2   Next: 91%
Magic:  2/2        EV: 13    Int:  6    God:    Trog [*.....]
Gold:   4          SH:  0    Dex: 11    Spells: 2/2 levels left

rFire   . . .        a - +0 hand axe
rCold   . . .        (no shield)
rNeg    . . .        b - +0 animal skin
rPois   .            (no helmet)
rElec   .            (no cloak)
rCorr   .            (no gloves)
SInv    .            (no boots)
Will    .....        (no amulet)
Stlth   +            (no ring)
HPRegen 0.24/turn    (no ring)
MPRegen 0.08/turn

%: no passive effects
@: lethally poisoned (-1 -> -4)
A: fangs 1, strong nose, distributed training
a: Renounce Religion, Berserk


You were on level 1 of the Dungeon.
You worshipped Trog.
Trog was aware of your devotion.
You visited 1 branch of the dungeon, and saw 1 of its levels.

You collected 4 gold pieces.

Inventory:

Hand Weapons
 a - a +0 hand axe (weapon)
Armour
 b - a +0 animal skin (worn)
Scrolls
 c - a scroll of amnesia {unknown}
 d - a scroll of silence {unknown}
 f - a scroll of brand weapon {unknown}
Potions
 e - a potion of brilliance {unknown}


   Skills:
 + Level 6.5 Fighting
 + Level 0.5 Short Blades
 + Level 0.5 Long Blades
 + Level 6.5 Axes
 + Level 0.5 Maces & Flails
 + Level 0.5 Polearms
 + Level 0.5 Staves
 + Level 0.5 Ranged Weapons
 + Level 0.5 Throwing
 + Level 4.5 Armour
 + Level 4.5 Dodging
 + Level 0.5 Stealth
 + Level 0.5 Shields
 + Level 0.5 Unarmed Combat
 + Level 0.5 Spellcasting
 + Level 0.4 Conjurations
 + Level 0.4 Hexes
 + Level 0.4 Summonings
 + Level 0.4 Necromancy
 + Level 0.4 Translocations
 + Level 0.4 Transmutations
 + Level 0.4 Fire Magic
 + Level 0.4 Ice Magic
 + Level 0.4 Air Magic
 + Level 0.4 Earth Magic
 + Level 0.4 Poison Magic
 + Level 0.7 Invocations
 + Level 0.5 Evocations


You had 2 spell levels left.
You didn't know any spells.
Your spell library was empty.

Dungeon Overview and Level Annotations

Branches:
Dungeon (1/15)

Altars:


Innate Abilities, Weirdness & Mutations

You have very sharp teeth.
Your uncanny sense of smell can sniff out nearby items.
Your experience applies equally to all skills.


Message History

You completely miss the rat. You barely miss the kobold.
The rat bites you but does no damage. The kobold misses you.
You hit the rat but do no damage. You closely miss the kobold.
You hit the endoplasm. The rat misses you. The kobold closely misses you.
The endoplasm freezes you.
You are frozen.
You completely miss the rat. Your bite misses the rat.
You barely miss the kobold. You hit the endoplasm. x2
The endoplasm freezes you.
You are frozen.
The rat bites you. The endoplasm freezes you.
You are frozen.
The kobold hits you with a +1 short sword of venom.
You are poisoned.
You hit the endoplasm.
You bite the endoplasm, but do no damage.
The endoplasm is almost dead.
You barely miss the kobold. You closely miss the rat. You hit the endoplasm.
You feel sick. The endoplasm hits you. The rat bites you but does no damage.
The kobold misses you. The endoplasm freezes you.
You are frozen.
* * * LOW HITPOINT WARNING * * *
The kobold attacks as you move away! The kobold closely misses you.
The rat attacks as you move away! The rat bites you but does no damage.
The endoplasm attacks as you move away! The endoplasm barely misses you.
You feel sick. The endoplasm completely misses you.
You barely miss the rat. You hit the endoplasm.
You kill the endoplasm!
Trog accepts your kill.
You hit the endoplasm.
You kill the endoplasm!
Trog accepts your kill.
You feel sick. The rat bites you.
* * * LOW HITPOINT WARNING * * *
You closely miss the rat. You hit the kobold.
* * * LOW HITPOINT WARNING * * *
You feel sick.
The kobold hits you with a +1 short sword of venom.
You die...

#..............#
........#...##.........#
........#...)..........#
.##..............(......#
.........####.....###...#
.........##.......# #####
.........##...#######
.......S.#..........#
.......r@...........#
.......K............#
....................+
..............._....#
....######..........#
.... #............## ...
#.............# ..
#......###....# ∆
#......# #....#


You could see a ball python, a kobold and a rat.

Vanquished Creatures
  A gnoll (D:1)
  A ball python (D:1)
  3 endoplasms (D:1)
  A goblin (D:1)
  A quokka (D:1)
  2 bats (D:1)
  A kobold (D:1)
  A rat (D:1)
11 creatures vanquished.

Notes
Turn   | Place    | Note
-------+----------+-------------------------------------------
     0 | D:1      | lonewolfV2 the Gnoll Berserker began the quest for the Orb.
     0 | D:1      | Reached XP level 1. HP: 23/23 MP: 1/1
   120 | D:1      | Reached XP level 2. HP: 29/29 MP: 2/2
   168 | D:1      | Found a faded altar of an unknown god.
   226 | D:1      | Slain by a kobold

Illustrated notes

Levels and vault maps discovered:
D:1:      ncdulo_lavacross, layout_basic, ebering_ecumenical_altar_sacrificial

Action                     || total
---------------------------++-------
  Melee: Hand axe          ||    32
         Bite              ||     7
 Armour: Animal skin       ||    11
  Dodge: Dodged            ||    40
